 Dungeon Crawl Stone Soup version 0.31-a0-188-g5e087ee2ca (webtiles) character file.

Game seed: 17291415038826701509

21 qw the Shooter (level 2, 0/16 HPs)
             Began as a Deep Elf Hunter on June 23, 2023.
             Slain by a hound (3 damage)
             ... on level 2 of the Dungeon.
             The game lasted 00:00:17 (959 turns).

qw the Shooter (Deep Elf Hunter)                     Turns: 959, Time: 00:00:17

Health: 0/16       AC:  6    Str:  8    XL:     2   Next: 62%
Magic:  4/4        EV: 10    Int: 13    God:
Gold:   80         SH:  0    Dex: 18    Spells: 1/1 levels left

rFire   . . .        Y - +1 shortbow
rCold   . . .        (shield currently unavailable)
rNeg    + . .        g - +0 ring mail
rPois   .            (no helmet)
rElec   .            f - +0 cloak
rCorr   .            (no gloves)
SInv    .            (no boots)
Will    .....        (no amulet)
Stlth   +            j - ring of positive energy
HPRegen 0.22/turn    (no ring)
MPRegen 0.09/turn

%: no passive effects
@: no status effects
A: no striking features
a: no special abilities


You were on level 2 of the Dungeon.
You visited 1 branch of the dungeon, and saw 2 of its levels.

You collected 80 gold pieces.


   Skills:
 - Level 1.5 Fighting
 + Level 6.4 Ranged Weapons
 - Level 2.4 Dodging
 - Level 1.2 Stealth


You had one spell level left.
You didn't know any spells.
Your spell library was empty.

Inventory:

Hand Weapons
 Y - a +1 shortbow (weapon)
Armour
 f - a +0 cloak (worn)
 g - a +0 ring mail (worn)
Jewellery
 j - a ring of positive energy (left hand)

Dungeon Overview and Level Annotations

Branches:
Dungeon (2/15)

Altars:

Shops:
D:1 (


Message History

(D) Dungeon
Where to? (* - list waypoints, ? - help)
What level of the Dungeon? (default 1, ? - help)
There is a stone staircase leading down here.
You climb downwards.
Found 12 gold pieces.
There is a stone staircase leading up here.
Waypoint 1 assigned to D:2.
You now have 80 gold pieces (gained 12).
You feel your willpower return.
Found a stone staircase leading down.
Found 4 stones.
A hound and a worm come into view.
The hound barks!
The hound moves out of view.
You shoot an arrow. The arrow barely misses the worm.
You shoot an arrow. The arrow hits the worm!
The worm is heavily wounded.
You shoot an arrow. The arrow closely misses the hound.
You shoot an arrow. The arrow barely misses the hound.
The hound bites you but does no damage. The hound barely misses you.
You shoot an arrow. The arrow closely misses the hound.
The hound bites you. The hound barely misses you.
You shoot an arrow. The arrow hits the hound.
The hound is lightly wounded.
The hound misses you. The hound bites you but does no damage.
You shoot an arrow. The arrow hits the hound.
The hound is moderately wounded.
The hound closely misses you. The hound bites you.
You shoot an arrow. The arrow closely misses the hound.
The hound bites you but does no damage. The worm bites you.
The hound completely misses you.
You shoot an arrow. The arrow completely misses the hound.
The hound bites you. The worm bites you. The hound closely misses you.
You shoot an arrow. The arrow misses the hound.
The hound bites you but does no damage.
You shoot an arrow. The arrow hits the hound.
The hound is severely wounded.
The hound bites you but does no damage. The hound bites you.
You die...

.# ##############
.# #............#
.# #.####.....#.##
#.## #. ##.#
#.###....##...#...
...# #.#
#.>.......$..#
####
#.###....##...#(.#
#.....#...@w......
###.###....h.....#
#.# #.####.....#
#.# #.# .....# #.#
#.# ....# ..# #.#
..... ### #.# ...#
#.. ...# #.#


You could see a worm and a hound.

Vanquished Creatures
  A dart slug (D:1)
  2 ball pythons (D:1)
  3 endoplasms (D:1)
  A giant cockroach (D:1)
  2 goblins (D:1)
  A hobgoblin (D:1)
  2 kobolds (D:1)
  2 bats (D:1)
  A frilled lizard (D:1)
  A rat (D:1)
16 creatures vanquished.

Notes
Turn   | Place    | Note
-------+----------+-------------------------------------------
     0 | D:1      | qw the Deep Elf Hunter began the quest for the Orb.
     0 | D:1      | Reached XP level 1. HP: 12/12 MP: 3/3
     0 | D:1      | 0 ||| qw: Version: 0.3-a-9-g12657ce
     0 | D:1      | 0 ||| qw: Game counter: 3348
     0 | D:1      | 0 ||| qw: Always use a shield: true
     0 | D:1      | 0 ||| qw: God list: Okawaru
     0 | D:1      | 0 ||| qw: Allow faded altars: false
     0 | D:1      | 0 ||| qw: Do Orc after D:15 true
     0 | D:1      | 0 ||| qw: Do second Lair branch before Depths: true
     0 | D:1      | 0 ||| qw: Lair rune preference: random
     0 | D:1      | 0 ||| qw: Plans: Normal
     0 | D:1      | 0 ||| PLANNING D:1-11
   272 | D:1      | Reached skill level 6 in Ranged Weapons
   272 | D:1      | Reached XP level 2. HP: 16/16 MP: 4/4
   614 | D:1      | Found Omicwimi's Weapon Emporium.
   865 | D:1      | 865 ||| UPGRADING to +0 cloak.
   870 | D:1      | 870 ||| UPGRADING to +0 ring mail.
   880 | D:1      | 880 ||| DROPPING +0 leather armour.
   881 | D:1      | 881 ||| UPGRADING to ring of positive energy.
   882 | D:1      | 882 ||| READING scroll labelled AKEUXZEKAR.
   883 | D:1      | 883 ||| READING 2 scrolls labelled KOUGETR MICVYU.
   884 | D:1      | 884 ||| READING scroll labelled DIDOBB HUUZAU.
   885 | D:1      | 885 ||| READING scroll labelled OFITHE RADOK.
   886 | D:1      | 886 ||| READING scroll labelled QIMPE MARED.
   887 | D:1      | 887 ||| DROPPING scroll of butterflies.
   888 | D:1      | 888 ||| DROPPING scroll of vulnerability.
   957 | D:2      | HP: 2/16 [worm (6)]
   959 | D:2      | Slain by a hound

Levels and vault maps discovered:
D:1:      dpeg_arrival_water_fire, layout_basic, serial_shops, shop,
          interstate_on_off
D:2:      layout_loops_ring, uniq_natasha

Skill      XL: |  1 |
---------------+----+-----
Ranged Weapons | 6 |  6.4
Fighting       | |  1.5
Dodging        | |  2.4
Stealth        | |  1.2

Action                     || total
---------------------------++-------
   Fire: Shortbow          ||    51
    Use: Scroll            ||     5
 Armour: Leather armour    ||     3
         Ring mail         ||     5
  Dodge: Dodged            ||    14

Table legend:
 A = Non-vault XP
 B = Vault XP
 C = Vault XP percentage of total XP
 D = Non-vault monster count
 E = Vault monster count
 F = Vault count percentage of total count
                 A         B        C        D         E       F
            +---------+---------+-------+---------+---------+-------
      Total |      30 |       0 |   0.0 |      16 |       0 |   0.0
            +---------+---------+-------+---------+---------+-------
        D:1 |      30 |       0 |   0.0 |      16 |       0 |   0.0
            +---------+---------+-------+---------+---------+-------
